Map: Deathaura LE

Players

Kas - Winner!

  • Race: Terran Terran
  • League: Grandmaster
  • Spawn Location: 11:00

Denver

  • Race: Zerg Zerg
  • League: Grandmaster
  • Spawn Location: 5:00

Event: DreamHack SC2 Masters 2020 Fall

VOD

Have the link to the VOD?

Description

Time

  • Played on: Aug. 30, 2020, 12:43 p.m.
  • Length: 17:59

All games in this series

Show
View Real Time Build Order
Export as new Build Order

Kas Terran - Winner!

Build Orders: Hellion Opening, Reaper Expand 

Get SALT Encoding   

  12  0:00  SCV  
  13  0:12  SCV  
  14  0:17  Supply Depot  
  14  0:24  SCV  
  15  0:38  SCV  
  15  0:40  Barracks  
  16  0:43  Refinery  
  16  0:50  SCV  
  17  1:02  SCV  
  18  1:14  SCV  
  19  1:26  Orbital Command  
  19  1:27  Reaper  
  20  1:40  Command Center  
  20  1:51  Supply Depot  
  20  1:52  SCV  
  21  1:59  Marine  
  22  2:04  SCV  
  22  2:08  Factory  
  23  2:16  SCV  
  23  2:21  Refinery  
  24  2:23  Barracks Reactor  
  24  2:28  SCV  
  25  2:40  SCV  
  26  2:53  Starport  
  26  2:54  Orbital Command  
  26  2:55  SCV  
  27  3:07  Hellion  
  27  3:08  Hellion  
  27  3:10  SCV  
  32  3:12  Barracks Tech Lab  
  32  3:21  SCV  
  32  3:22  SCV  
  34  3:29  Hellion x2  
  34  3:30  Viking  
  34  3:31  Marine  
  34  3:33  SCV  
  42  3:36  SCV, Supply Depot  
  43  3:45  SCV  
  43  3:46  Stimpack  
  45  3:48  SCV  
  45  3:49  Marine  
  46  3:58  SCV, Hellion x2  
  46  4:00  SCV  
  52  4:11  Command Center  
  52  4:17  SCV  
  52  4:18  Marine  
  52  4:20  Supply Depot  
  54  4:33  Barracks  
  54  4:35  Barracks  
  54  4:36  Factory Reactor  
  54  4:41  SCV x2, Marine, Liberator  
  54  4:45  Supply Depot  
  60  4:48  Supply Depot  
  60  4:53  SCV, Engineering Bay  
  60  4:55  Engineering Bay  
  60  4:59  SCV  
  62  5:07  SCV  
  63  5:13  SCV  
  64  5:15  Refinery  
  64  5:17  Refinery  
  64  5:19  SCV  
  64  5:21  Marine  
  66  5:24  Orbital Command, Marine x2  
  68  5:31  SCV  
  68  5:33  Starport Reactor  
  68  5:34  Marine x2  
  71  5:35  SCV  
  71  5:36  Factory Tech Lab  
  71  5:38  Marine  
  71  5:39  Supply Depot  
  71  5:41  Barracks x2  
  71  5:42  Marine x2  
  74  5:44  SCV  
  74  5:46  Combat Shield, Orbital Command  
  74  5:47  SCV  
  77  5:52  Marine x2  
  77  5:56  SCV, Marine  
  81  5:58  Siege Tank  
  81  6:00  SCV, Marine  
  86  6:07  Marine  
  86  6:08  SCV  
  86  6:10  Marine  
  89  6:11  Medivac x2  
  89  6:12  SCV x2  
  89  6:15  Supply Depot  
  95  6:20  SCV, Supply Depot  
  95  6:23  Marine x3  
  95  6:24  SCV  
  97  6:27  SCV  
  97  6:29  Marine  
  97  6:32  Barracks Reactor x2, SCV  
  98  6:34  Siege Tank  
  98  6:36  Marine  
  98  6:37  SCV  
  98  6:38  Supply Depot  
  98  6:39  SCV  
  104  6:41  Marine  
  105  6:47  Supply Depot  
  105  6:51  Marine x3  
  108  6:54  Marine  
  108  6:56  Terran Infantry Weapons Level 1  
  108  6:57  Terran Infantry Armor Level 1, Barracks x2  
  108  6:58  Barracks  
  109  7:04  SCV x2  
  111  7:11  Marine x2  
  111  7:13  Marine x4  
  111  7:14  SCV  
  107  7:17  Marine  
  107  7:22  Marine x2  
  109  7:23  Medivac x2, Siege Tank  
  109  7:28  Missile Turret  
  109  7:29  Marine x2  
  117  7:31  SCV x2, Missile Turret, Marine x2  
  117  7:32  SCV  
  117  7:34  Armory  
  122  7:43  Marine x3  
  125  7:45  SCV x2, Barracks Reactor  
  125  7:46  Barracks Reactor  
  125  7:47  SCV  
  125  7:49  Supply Depot  
  128  7:51  Supply Depot  
  128  7:52  Supply Depot  
  128  7:57  SCV, Siege Tank  
  132  7:59  Marine  
  132  8:00  Barracks Reactor  
  132  8:04  Supply Depot  
  133  8:10  Marine x2  
  133  8:11  Marine  
  133  8:24  Marine x6  
  133  8:26  Marine  
  140  8:32  Supply Depot, Marine x6  
  146  8:35  Supply Depot  
  146  8:36  Supply Depot  
  146  8:37  Siege Tank  
  149  8:41  Command Center  
  149  8:42  Marine  
  149  8:46  Missile Turret x2  
  148  8:49  Marine x2  
  148  8:50  Missile Turret  
  148  8:52  Marine x9  
  148  8:55  Marine  
  160  8:56  Marine x2  
  160  8:57  Medivac  
  160  8:58  Medivac  
  160  8:59  Marine, Terran Infantry Weapons Level 2  
  167  9:03  Terran Infantry Armor Level 2  
  167  9:10  Marine  
  167  9:11  Marine x2  
  167  9:12  Siege Tank  
  167  9:16  Marine  
  174  9:26  Marine x11  
  174  9:28  Marine x2  
  174  9:29  Marine  
  174  9:30  Supply Depot  
  186  9:34  Marine  
  183  9:44  Marine x3, Siege Tank  
  186  9:52  Marine x12  
  194  10:05  Marine  
  194  10:09  Marine x2  
  196  10:16  Missile Turret  
  196  10:21  Missile Turret  
  155  10:22  Marine  
  155  10:23  Marine x10  
  155  10:26  Marine x2  
  155  10:27  Medivac x2, Marine x2, Siege Tank  
  150  10:36  SCV  
  150  10:40  Marine x3  
  145  10:44  SCV x2  
  145  10:45  Planetary Fortress  
  145  10:49  Marine x6  
  153  10:54  Marine  
  146  10:59  Marine x2  
  146  11:00  Marine x2  
  146  11:01  Marine x2  
  132  11:23  Marine x13, Siege Tank  
  132  11:24  Marine x2  
  149  11:31  SCV x2  
  151  11:33  SCV x2  
  153  11:41  Marine x3  
  153  11:42  Marine x2  
  153  11:43  SCV  
  153  11:44  SCV  
  160  11:52  Marine  
  160  11:53  Marine x6  
  167  12:00  Marine  
  167  12:01  Marine x2  
  168  12:05  Marine x2  
  168  12:06  Marine x3  
  175  12:09  Siege Tank  
  175  12:13  SCV  
  175  12:14  SCV  
  180  12:25  SCV  
  180  12:26  SCV x2  
  180  12:27  Terran Infantry Weapons Level 3  
  183  12:31  Marine x2  
  183  12:33  Medivac  
  157  12:39  Marine  
  157  12:40  Marine x6  
  130  12:45  Marine x4  
  134  13:01  Marine x8  
  130  13:12  Marine x2  
  121  13:15  Medivac x2, Siege Tank  
  121  13:16  Marine x5  
  121  13:18  SCV  
  127  13:20  Missile Turret  
  127  13:25  Marine  
  127  13:26  Missile Turret  
  123  13:29  Marine  
  124  13:37  Marine x2  
  124  13:38  Marine x2  
  128  13:41  SCV  
  128  13:44  Medivac, Missile Turret  
  128  13:45  Medivac  
  128  13:46  Missile Turret, Marine  
  128  13:47  SCV  
  135  13:49  Siege Tank  
  135  13:50  Marine x3  
  141  14:00  Marine  
  141  14:01  Marine x9  
  151  14:15  Marine x5  
  122  14:18  Marine  
  122  14:19  Marine x9  
  122  14:20  SCV x4  
  136  14:25  Siege Tank  
  136  14:27  Bunker  
  139  14:33  Marine x5  
  139  14:36  Marine x4  
  148  14:45  Marine x6  
  152  14:51  Marine  
  152  14:54  Marine x8  
  160  15:02  Marine  
  160  15:03  Marine  
  162  15:08  Terran Infantry Armor Level 3  
  162  15:10  Marine  
  163  15:16  Marine x7  
  163  15:19  Marine x3  
  163  15:20  Marine x3  
  176  15:28  Marine  
  177  15:33  Marine  
  177  15:34  Marine x6  
  174  15:46  Marine x2  
  171  15:54  Marine  
  172  15:57  Marine  
  172  15:58  Marine x9  
  172  15:59  Marine  
  186  16:04  Marine  
  186  16:06  Supply Depot  
  186  16:07  Marine  
  185  16:12  Marine  
  186  16:25  Missile Turret  
  184  16:26  Missile Turret  
  184  16:27  Marine x4  
  188  16:39  Marine  
  188  16:41  Marine  
  188  16:42  Marine x2  
  188  16:43  Thor  
  166  16:51  Marine x10  
  171  16:57  Marine  
  171  16:58  Marine  
  171  17:00  Marine x2  
  175  17:08  Marine  
  175  17:09  Marine x6  
  182  17:20  Missile Turret  
  182  17:21  Marine  
  182  17:22  Orbital Command, Missile Turret x2  
  178  17:27  Marine x2  
  176  17:30  Missile Turret  
  176  17:31  Bunker, Marine  
  176  17:32  Marine  
  176  17:35  SCV  
  171  17:41  Marine  
Show
View Real Time Build Order
Export as new Build Order

Denver Zerg 

Build Orders: Hatch First, Muta Ling Bane 

Get SALT Encoding   

  12  0:00  Drone  
  13  0:13  Overlord  
  13  0:17  Drone  
  14  0:32  Drone x2  
  16  0:48  Hatchery  
  15  0:52  Drone  
  15  0:55  Drone  
  17  0:58  Drone  
  18  1:10  Extractor  
  17  1:15  Spawning Pool  
  17  1:18  Drone  
  17  1:22  Drone  
  18  1:30  Drone  
  19  1:41  Drone  
  20  1:52  Overlord  
  20  2:02  Zergling x4, Queen x2  
  26  2:11  Drone  
  26  2:13  Metabolic Boost  
  27  2:16  Drone  
  28  2:37  Hatchery, Drone  
  28  2:38  Drone  
  28  2:41  Drone  
  30  2:46  Overlord  
  30  2:51  Drone x2  
  32  2:58  Drone x2  
  32  3:03  Queen  
  36  3:08  Drone x2  
  38  3:13  Drone  
  38  3:14  Drone  
  38  3:18  Pneumatized Carapace  
  39  3:20  Drone  
  39  3:21  Drone  
  39  3:25  Overlord  
  41  3:27  Drone  
  41  3:33  Overlord  
  42  3:43  Queen  
  42  3:44  Zergling x4  
  42  3:47  Drone x3  
  49  3:49  Queen  
  49  3:51  Drone  
  52  3:57  Baneling Nest  
  52  3:58  Drone x2  
  52  4:00  Drone x2  
  55  4:09  Overlord, Queen  
  55  4:16  Drone x4  
  62  4:17  Drone  
  62  4:19  Overlord  
  62  4:25  Spore Crawler, Drone  
  62  4:27  Spore Crawler  
  62  4:29  Zergling x6  
  62  4:30  Zergling x2  
  65  4:34  Overlord  
  65  4:38  Lair  
  65  4:43  Zergling x6, Spore Crawler  
  68  4:45  Drone  
  68  4:46  Drone x2  
  68  4:49  Overlord  
  70  4:56  Drone x5  
  75  5:00  Queen  
  75  5:02  Drone x2  
  75  5:03  Drone  
  75  5:06  Overlord  
  80  5:08  Drone  
  80  5:10  Overlord  
  80  5:11  Overlord  
  81  5:14  Extractor  
  81  5:15  Extractor  
  81  5:18  Drone  
  80  5:22  Drone  
  80  5:23  Overlord  
  80  5:28  Drone x7  
  88  5:31  Overlord, Extractor  
  87  5:36  Drone x3  
  87  5:37  Centrifical Hooks  
  87  5:38  Overseer  
  87  5:42  Drone x2, Extractor  
  91  5:43  Extractor  
  90  5:52  Drone x2  
  90  5:55  Zergling x10  
  97  5:57  Hatchery  
  95  6:04  Spire  
  94  6:14  Drone  
  94  6:17  Overlord  
  95  6:19  Overlord  
  95  6:20  Zergling x10  
  100  6:26  Hatchery, Overlord  
  100  6:28  Overlord  
  100  6:32  Zergling x16  
  107  6:33  Baneling  
  107  6:34  Baneling x5  
  107  6:36  Overlord  
  107  6:41  Zergling x2  
  107  6:45  Drone  
  109  6:47  Evolution Chamber  
  109  6:48  Evolution Chamber, Drone x2  
  109  6:49  Overseer  
  109  6:54  Queen  
  109  6:55  Baneling x9  
  109  6:56  Drone  
  109  6:59  Drone x3  
  115  7:03  Drone  
  115  7:04  Drone x2  
  118  7:10  Zergling x12  
  118  7:14  Zergling x6  
  120  7:23  Mutalisk x3  
  120  7:26  Zerg Melee Weapons Level 1  
  120  7:27  Zerg Ground Armor Level 1  
  126  7:30  Baneling x4  
  126  7:36  Mutalisk x2  
  126  7:37  Mutalisk  
  126  7:38  Drone  
  126  7:39  Drone x3  
  126  7:42  Zerg Flyer Weapons Level 1  
  126  7:44  Drone x3  
  137  7:46  Extractor  
  136  7:53  Mutalisk x2  
  136  7:56  Drone x4  
  136  7:57  Overlord  
  144  8:02  Zergling x12  
  144  8:03  Baneling x7  
  150  8:12  Mutalisk  
  147  8:15  Hatchery  
  144  8:20  Mutalisk x2  
  144  8:23  Zergling x2  
  144  8:24  Zergling x16  
  153  8:33  Infestation Pit, Burrow  
  152  8:36  Overlord x2  
  152  8:38  Zergling x6  
  152  8:39  Zergling x10  
  160  8:45  Mutalisk x3  
  166  8:49  Overlord  
  166  8:57  Zergling x18  
  175  9:08  Mutalisk x2  
  175  9:09  Mutalisk  
  181  9:11  Overseer x2  
  181  9:20  Zergling x4  
  181  9:21  Overlord, Zerg Ground Armor Level 2  
  182  9:30  Zerg Melee Weapons Level 2  
  182  9:31  Baneling x3  
  181  9:32  Zergling x16  
  181  9:34  Overlord  
  183  9:39  Overlord  
  183  9:44  Zergling x2, Baneling x8  
  183  9:45  Zergling x40  
  195  9:48  Overlord x2  
  195  9:50  Baneling x4  
  194  9:59  Zergling x16  
  200  10:03  Zergling x8  
  200  10:05  Baneling x4  
  200  10:06  Baneling x8  
  200  10:11  Baneling  
  200  10:12  Baneling x6  
  161  10:22  Zergling x2  
  161  10:23  Zergling x28  
  161  10:24  Zergling x2  
  161  10:25  Zergling x2  
  161  10:27  Baneling x3  
  163  10:36  Zergling x14  
  163  10:37  Zergling x2  
  163  10:42  Zergling x10  
  168  10:45  Baneling x4  
  168  10:46  Baneling  
  167  10:50  Baneling x9  
  167  10:54  Zergling x4  
  169  10:58  Mutalisk x2  
  169  11:04  Mutalisk x2  
  176  11:13  Mutalisk x2  
  168  11:19  Extractor  
  168  11:20  Extractor  
  168  11:22  Zergling x22  
  164  11:28  Hatchery  
  164  11:29  Zergling x16  
  164  11:32  Baneling x2  
  171  11:45  Mutalisk x5  
  177  11:50  Zergling x16  
  185  11:59  Zergling x16  
  189  12:03  Overlord  
  189  12:04  Baneling x5  
  185  12:15  Mutalisk x4  
  191  12:26  Mutalisk  
  191  12:27  Mutalisk  
  161  12:39  Mutalisk x3  
  161  12:40  Zergling x22  
  161  12:44  Zergling x4  
  131  12:51  Zergling x8  
  125  13:04  Mutalisk x2  
  114  13:13  Mutalisk x2  
  118  13:22  Zergling x12  
  124  13:36  Zergling x12  
  130  13:44  Baneling x5  
  130  13:45  Baneling x4  
  130  13:46  Baneling  
  130  13:59  Zerg Flyer Weapons Level 2  
  123  14:14  Hatchery  
  123  14:16  Mutalisk x2  
  110  14:21  Drone x3  
  115  14:26  Drone x3  
  115  14:28  Baneling  
  118  14:32  Mutalisk  
  118  14:33  Baneling x4  
  120  14:41  Drone  
  120  14:42  Drone x3  
  120  14:43  Drone  
  123  14:54  Baneling x10  
  123  14:57  Zergling x4  
  125  15:11  Zergling x2  
  125  15:12  Zergling x12  
  130  15:20  Mutalisk x2  
  126  15:41  Mutalisk x6  
  131  15:56  Baneling x5  
  128  15:58  Zergling x2  
  128  16:03  Mutalisk  
  131  16:05  Baneling  
  131  16:13  Hatchery  
  131  16:17  Zergling x2  
  131  16:18  Zergling x8  
  135  16:22  Baneling x3  
  135  16:32  Zergling x8  
  113  16:48  Mutalisk x2  
  113  16:52  Baneling x3  
  112  17:13  Spawning Pool  
  107  17:21  Baneling  
  107  17:22  Baneling x5  

Tags
 
Add a new tag
Caveats
  • Supply blocks, unpowered buildings, or Contaminate may cause inaccurate times.
  • Supply counts are checked every 10 seconds.